 Dungeon Crawl Stone Soup version 0.21.1-1-g345015fe64 (webtiles) character file.

53 ILYA101 the Insei (level 3, 0/28 HPs)
             Began as a Draconian Transmuter on July 8, 2018.
             Succumbed to a goblin's poison
             ... on level 2 of the Dungeon.
             The game lasted 00:02:26 (916 turns).

ILYA101 the Insei (Draconian Transmuter)             Turns: 916, Time: 00:02:27

Health: 0/28       AC:  5    Str: 12    XL:     3   Next: 62%
Magic:  5/6        EV: 12    Int: 13    God:
Gold:   9          SH:  0    Dex: 12    Spells: 5/6 levels left

rFire    . . .     SeeInvis .     - Unarmed
rCold    . . .     Gourm    .   (no shield)
rNeg     . . .     Faith    .   (armour unavailable)
rPois    .         Spirit   .   (helmet restricted)
rElec    .         Reflect  .   (no cloak)
rCorr    .         Harm     .   (no gloves)
MR       .....                  (no boots)
Stlth    +.........             (no amulet)
HPRegen  0.09/turn              (no ring)
MPRegen  0.10/turn              (no ring)

@: lethally poisoned (0 -> -5), appendage (expiring)
A: unfitting armour, horns 2, cold-blooded, AC +5
a: End Transformation


You were on level 2 of the Dungeon.
You were not hungry.
You had grown temporary horns.
You visited 1 branch of the dungeon, and saw 2 of its levels.

You collected 9 gold pieces.

Inventory:

Missiles
 a - 35 arrows
Scrolls
 f - a scroll of enchant weapon {unknown}
 h - a scroll of immolation {unknown}
Potions
 e - a potion of curing {unknown}
 g - a potion of lignification {unknown}
 i - a potion of heal wounds {unknown}
Books
 b - a book of Changes

   Spells                             Type                      Level
   a - Beastly Appendage              Transmutation                1
   b - Sticks to Snakes               Transmutation                2
   c - Spider Form                    Transmutation/Poison         3
   d - Ice Form                       Ice/Transmutation            4
   e - Blade Hands                    Transmutation                5
Comestibles
 c - 2 rations
 d - a chunk of flesh


   Skills:
 + Level 1.1 Fighting
 + Level 2.1 Dodging
 + Level 4.0 Unarmed Combat
 + Level 2.1 Spellcasting
 + Level 2.4 Transmutations


You had 5 spell levels left.
You knew the following spells:

 Your Spells              Type           Power        Failure   Level  Hunger
a - Beastly Appendage     Tmut           #.....       10%         1    ##.....


Dungeon Overview and Level Annotations

Branches:
Dungeon (2/15)

Altars:


Innate Abilities, Weirdness & Mutations

Your plain brown scales are hard. (AC +5)
You cannot fit into any form of body armour.
You are cold-blooded and may be slowed by cold attacks.
You have a pair of horns on your head.


Message History

You feel sick.
Things that are here:
a dagger; a goblin corpse You feel sick.
The worm bites you!
* * * LOW HITPOINT WARNING * * *
You see here 6 gold pieces.
You barely miss the worm. You tail-slap the worm.
The worm is moderately wounded.
You hit the worm. You tail-slap the worm.
The worm is almost dead.
The worm bites you.
* * * LOW HITPOINT WARNING * * *
You hit the worm but do no damage. You tail-slap the worm.
The worm is almost dead.
* * * LOW HITPOINT WARNING * * *
You feel sick.
You hit the worm.
You kill the worm!
Your transformation is almost over.
You die...

##..(..## ##########
#....(..# #........#
#...(...# #........#
#.......###........#
....#...(...##..##....#
...<......)...........####
#..#######)########.......##
#..#≈≈≈≈≈≈)≈≈≈≈≈≈##....##..#
#.
#≈≈≈≈...$@≈≈≈≈##..(.###.##
#≈≈≈.......≈≈≈##.#### #.<#
#≈≈.........≈≈#.....####..
#≈...##.##...≈#......#...#
#≈... ... ...≈#......[.#..
######.+.....$.(
....'.......###.
.......#≈...#...
...≈#........... .......#
..##. ...≈#...........
.......# #......####.


There were no monsters in sight!

Vanquished Creatures
  An adder (D:2)
  An ooze (D:2)
  2 worms (D:2)
  A dart slug (D:1)
  A ball python (D:1)
  A giant cockroach (D:2)
  4 goblins
  3 hobgoblins (D:1)
  3 jackals (D:1)
  5 bats
  4 frilled lizards (D:1)
  2 kobolds
  2 rats
30 creatures vanquished.

Notes
Turn   | Place    | Note
-------+----------+-------------------------------------------
     0 | D:1      | ILYA101 the Draconian Transmuter began the quest for the Orb.
     0 | D:1      | Reached XP level 1. HP: 16/16 MP: 3/3
   278 | D:1      | Reached XP level 2. HP: 18/23 MP: 3/5
   798 | D:2      | Reached XP level 3. HP: 28/28 MP: 6/6
   887 | D:2      | Reached skill level 4 in Unarmed Combat
   914 | D:2      | HP: 1/28 [poisoned by a goblin]
   916 | D:2      | Succumbed to a goblin's poison

Skill      XL: |  1  2  3 |
---------------+----------+-----
Dodging        | 2 |  2.1
Unarmed Combat | 4 |  4.0
Fighting       | |  1.1
Spellcasting   | |  2.1
Transmutations | |  2.4

Action                   || total
-------------------------++-------
Melee: Unarmed           ||   109
       Headbutt          ||     4
       Tailslap          ||    12
       Punch             ||     1
 Cast: Beastly Appendage ||     3
 Stab: Sleeping          ||     1
Armor: Skin              ||    51
Dodge: Dodged            ||    74
